 Dungeon Crawl Stone Soup version 0.29-a0-791-ga0f254aafb (webtiles) character file.

Game seed: 17455460963491572636

524 Malachi the Trooper (level 7, -2/54 HPs)
             Began as an Octopode Brigand on July 3, 2022.
             Splashed by a jelly's acid (10 damage)
             ... on level 4 of the Dungeon.
             The game lasted 00:03:32 (4053 turns).

Malachi the Trooper (Octopode Brigand)              Turns: 4053, Time: 00:03:33

Health: -2/54      AC: -11   Str: 15    XL:     7   Next: 22%
Magic:  2/2        EV: 12    Int: 14    God:
Gold:   265        SH:  0    Dex: 15    Spells: 6/6 levels left

rFire   . . .      SeeInvis .   s - +3 short sword of Maubb {antimagic, Str+5}
rCold   . . .      Faith    .   (no shield)
rNeg    . . .      Spirit   .   (helmet restricted)
rPois   .          Reflect  .   (no amulet)
rElec   .          Harm     .   (no ring)
rCorr   .          Rampage  .   (no ring)
Will    .....                   (no ring)
Stlth   ++++......              (no ring)
HPRegen 0.18/turn               (no ring)
MPRegen 0.08/turn               (no ring)
                                (no ring)
                                (no ring)

@: corroded
A: almost no armour, amphibious, 8 rings, camouflage 1, gelatinous body 1,
(nimble swimmer 1), tentacles
a: no special abilities


You were on level 4 of the Dungeon.
You visited 1 branch of the dungeon, and saw 4 of its levels.

You collected 265 gold pieces.

Inventory:

Hand Weapons
 a - a +3 dagger
 s - the +3 short sword of Maubb (weapon) {antimagic, Str+5}
   (You found it on level 2 of the Dungeon)

   It reduces the magical energy of the wielder, and disrupts the spells and
   magical abilities of those it strikes.
   Natural abilities and divine invocations are not affected.
   Str:       It affects your strength (+5).
Missiles
 b - 9 poisoned darts (quivered)
 c - 3 curare-tipped darts
Wands
 m - a wand of charming (2)
 r - a wand of flame (18)
Scrolls
 f - a scroll of blinking
 h - a scroll of vulnerability
 i - a scroll of teleportation
 n - a scroll of immolation
 o - a scroll of enchant armour
 t - a scroll of fog {unknown}
Potions
 d - a potion of curing
 e - a potion of ambrosia {unknown}
 g - 2 potions of brilliance {unknown}
 j - a potion of lignification {unknown}
 k - a potion of heal wounds {unknown}
 l - a potion of might {unknown}
 p - a potion of haste {unknown}
 q - a potion of mutation {unknown}
 u - a potion of degeneration {unknown}


   Skills:
 + Level 7.7 Fighting
 - Level 2.0 Short Blades
 - Level 2.0 Throwing
 - Level 1.0 Dodging
 - Level 5.3 Stealth


You had 6 spell levels left.
You didn't know any spells.
Your spell library contained the following spells:

 Spells                   Type           Power      Damage    Failure   Level
 Beastly Appendage        Tmut           0%         N/A       28%         1
 Sublimation of Blood     Necr           0%         N/A       41%         2
 Wereblood                Tmut           0%         N/A       41%         2
 Spider Form              Tmut/Pois      0%         N/A       65%         3
 Summon Hydra             Summ           0%         N/A       100%        7


Dungeon Overview and Level Annotations

Branches:
Dungeon (4/15)
 Temple: D:4-7

Altars:


Innate Abilities, Weirdness & Mutations

You cannot wear most types of armour.
You are amphibious.
You can wear up to eight rings at the same time.
Your skin changes colour to match your surroundings (Stealth+).
Your rubbery body absorbs attacks. (AC +1, EV +1)
((You are camouflaged when in or above water. (Stealth+)))
You have tentacles for arms and can constrict up to eight enemies at once.


Message History

You are too injured to fight recklessly!
You are too injured to fight recklessly!
You are too injured to fight recklessly!
You are too injured to fight recklessly!
You are too injured to fight recklessly!
You are too injured to fight recklessly!
You are too injured to fight recklessly!
You are too injured to fight recklessly!
You are too injured to fight recklessly!
You are too injured to fight recklessly!
You are too injured to fight recklessly!
You are too injured to fight recklessly!
You are too injured to fight recklessly!
You are too injured to fight recklessly!
You are too injured to fight recklessly!
You are too injured to fight recklessly!
You are too injured to fight recklessly!
You are too injured to fight recklessly!
Unknown command.
The jelly attacks as you move away! The jelly closely misses you.
The jelly attacks as you move away! The jelly hits you. The acid corrodes you!
You are splashed with acid!
* * * LOW HITPOINT WARNING * * *
The orc wizard points at you and mumbles some strange words.
The puff of flame hits you!
* * * LOW HITPOINT WARNING * * *
The orc throws a boomerang.
The boomerang closely misses you.
You feel better.
The orc wizard gestures wildly while chanting.
The orc wizard flickers and vanishes!
Deactivating autopickup; reactivate with Ctrl-A.
The jelly closely misses you.
Blink to where?
Press: ? - help, Dir - move target, f - you
Okay, then.
Okay, then.
The jelly attacks as you move away! The jelly hits you.
* * * LOW HITPOINT WARNING * * *
You are splashed with acid!
You die...

..#.#######
#......@J.#
........#o#
##..###.#.#######
#. ###K#o......#
.....o......#.#
###
..###.{.###.#.#
... .........
#.#.# #### ...
..###.... #.#.#
#... #.# ..
......##.#.# #.##


You could see a jelly, 2 orcs and a kobold.

Vanquished Creatures
  Sigmund (D:4)
  A black bear (D:4)
  A scorpion (D:4)
  Ijyb (D:3)
  An orc wizard (D:3)
  2 iguanas (D:4)
  3 adders (D:2)
  2 worms (D:2)
  A dart slug (D:1)
  4 orcs
  10 endoplasms
  3 giant cockroaches
  7 hobgoblins
  7 jackals
  4 kobolds
  2 quokkas
  6 ball pythons
  8 bats
  3 frilled lizards
  4 goblins
  3 rats (D:1)
74 creatures vanquished.

Notes
Turn   | Place    | Note
-------+----------+-------------------------------------------
     0 | D:1      | Malachi the Octopode Brigand began the quest for the Orb.
     0 | D:1      | Reached XP level 1. HP: 14/14 MP: 1/1
   147 | D:1      | Reached XP level 2. HP: 20/20 MP: 2/2
   291 | D:1      | Reached skill level 3 in Fighting
   600 | D:1      | Reached XP level 3. HP: 21/26 MP: 3/3
  1184 | D:2      | Found a faded altar of an unknown god.
  1431 | D:2      | Reached skill level 4 in Fighting
  1492 | D:2      | Reached XP level 4. HP: 26/33 MP: 4/4
  2350 | D:3      | Reached skill level 5 in Fighting
  2350 | D:3      | Reached XP level 5. HP: 32/39 MP: 5/5
  2418 | D:3      | Noticed Ijyb
  2430 | D:3      | Killed Ijyb
  3240 | D:4      | Noticed Sigmund
  3244 | D:4      | Killed Sigmund
  3245 | D:4      | Reached skill level 6 in Fighting
  3245 | D:4      | Reached XP level 6. HP: 47/47 MP: 6/6
  3334 | D:4      | Noticed a black bear
  3344 | D:4      | Killed a black bear
  3345 | D:4      | Reached skill level 7 in Fighting
  3345 | D:4      | Reached XP level 7. HP: 27/54 MP: 7/7
  3699 | D:2      | Identified the +3 short sword of Maubb {antimagic, Str+5}
  4053 | D:4      | Splashed by a jelly's acid

Illustrated notes

Levels and vault maps discovered:
D:1:      heliophobic_arrival_henge, layout_basic, kennysheep_flooded_box
D:2:      layout_basic, basic_ecumenical_altar, due_unseen_surprise
D:3:      layout_rooms, uniq_ijyb
D:4:      layout_loops_ring, roderic_st_hans_cross,
          chequers_serial_rivers_room_a, minmay_goblin_kobold_house,
          uniq_sigmund

Skill      XL: |  1  2  3  4  5  6 |
---------------+-------------------+-----
Fighting       | 3 4 5 6 7 |  7.7
Short Blades   | |  2.0
Throwing       | |  2.0
Dodging        | |  1.0
Stealth        | |  5.3

Action                   |  1- 3 |  4- 6 |  7- 9 || total
-------------------------+-------+-------+-------++-------
Melee: Dagger            |    58 |    80 |     2 ||   140
       Constrict         |    15 |    21 |       ||    36
       Tentacles         |    14 |    21 |     1 ||    36
       Punch             |     1 |     2 |       ||     3
       Short sword       |       |       |     8 ||     8
  Use: Scroll            |       |     8 |       ||     8
       Potion            |       |       |     1 ||     1
 Stab: Sleeping          |     7 |     9 |     5 ||    21
Armor: Skin              |     2 |     5 |       ||     7
Dodge: Dodged            |    30 |    33 |     5 ||    68

Table legend: (Time is in decaauts)
 A = Elapsed time spent in this place.
 B = Non-inter-level travel time spent in this place.
 C = Inter-level travel time spent in this place.
 D = Time resting spent in this place.
 E = Time spent auto-exploring this place.
 F = Levels seen in this place.
 G = Mean time per level.
                   A        B        C        D        E       F      G
               +--------+--------+--------+--------+--------+-----+--------+
         Total |   4039 |   3734 |    305 |    320 |   2896 |   4 | 1009.8 |
       Dungeon |   4039 |   3734 |    305 |    320 |   2896 |   4 | 1009.8 |
               +--------+--------+--------+--------+--------+-----+--------+

Top non-repeatable levels by time:
     D:1: 1169 daAuts
     D:4: 1004 daAuts
     D:2: 989 daAuts
     D:3: 876 daAuts
